 Dungeon Crawl Stone Soup version 0.29.0-15-g675c0067aa (webtiles) character file.

Game seed: 15309865762327729010

41 qw the Sneak (level 3, 0/23 HPs)
             Began as a Gargoyle Delver on Sept 11, 2022.
             Killed from afar by Blork the orc (9 damage)
             ... with a puff of frost
             ... on level 5 of the Dungeon.
             The game lasted 00:00:05 (399 turns).

qw the Sneak (Gargoyle Delver)                       Turns: 399, Time: 00:00:06

Health: 0/23       AC:  6    Str: 17    XL:     3   Next: 52%
Magic:  3/3        EV: 11    Int: 10    God:
Gold:   59         SH:  0    Dex: 11    Spells: 2/2 levels left

rFire   . . .      SeeInvis .   a - +0 hand axe
rCold   . . .      Faith    .   (no shield)
rNeg    + . .      Spirit   .   b - +0 leather armour
rPois   inf        Reflect  .   (no helmet)
rElec   +          Harm     .   (no cloak)
rCorr   .          Rampage  .   (no gloves)
Will    .....                   (no boots)
Stlth   +++.......              (no amulet)
HPRegen 0.07/turn               (no ring)
MPRegen 0.08/turn               (no ring)

@: no status effects
A: sickness immunity, AC +3, negative energy resistance 1, electricity
resistance, torment resistance 1, petrification resistance
a: no special abilities


You were on level 5 of the Dungeon.
You visited 1 branch of the dungeon, and saw 1 of its levels.

You collected 59 gold pieces.


Innate Abilities, Weirdness & Mutations

You are immune to sickness and miasma.
Your stone body is resilient. (AC +3)
You are immune to poison.
You resist negative energy. (rN+)
You are resistant to electric shocks. (rElec)
You are resistant to unholy torment.
You are immune to petrification.


   Skills:
 - Level 3.2 Fighting
 + Level 3.4 Axes
 - Level 1.5 Dodging
 - Level 5.4 Stealth


You had 2 spell levels left.
You didn't know any spells.
Your spell library was empty.

Inventory:

Hand Weapons
 a - a +0 hand axe (weapon)
 h - a +0 flail
Armour
 b - a +0 leather armour (worn)
Wands
 g - a wand of digging (3)
Scrolls
 c - a scroll of fog
 d - a scroll of magic mapping
 e - a scroll of fear
 i - a scroll of identify {unknown}
Potions
 f - a potion of haste
 j - 2 potions of resistance {unknown}

Dungeon Overview and Level Annotations

Branches:
Dungeon (5/15)
 Temple: D:4-7

Altars:
Ru

Annotations:
D:5 Blork the orc


Message History

The orc wizard misses you.
You hit the orc wizard.
The orc wizard is severely wounded.
The orc wizard hits you with a +1 dagger of venom.
You barely miss the orc wizard.
The orc wizard is severely wounded.
The orc wizard hits you with a +1 dagger of venom.
You hit the orc wizard.
You kill the orc wizard!
Your Axes skill increases to level 3!
You have reached level 3!
Your experience leads to an increase in your attributes!
Increase (S)trength, (I)ntelligence, or (D)exterity?
You feel stronger. x2
You start resting.
Blork the orc is nearby!
Blork the orc shouts!
You hit Blork the orc.
Blork the orc is lightly wounded.
Blork the orc misses you.
You hit Blork the orc.
Blork the orc is moderately wounded.
Blork the orc hits you with a +0 mace. Blork the orc hits you with a +0 mace!
You closely miss Blork the orc.
Blork the orc is moderately wounded.
Blork the orc hits you but does no damage.
You hit Blork the orc.
Blork the orc is heavily wounded.
Blork the orc casts a spell at you. The magic dart hits you.
You hit Blork the orc.
Blork the orc is heavily wounded.
Blork the orc hits you but does no damage.
You hit Blork the orc.
Blork the orc is heavily wounded.
Blork the orc completely misses you.
You hit Blork the orc but do no damage.
Blork the orc is heavily wounded.
Blork the orc casts a spell at you. The puff of frost hits you!
You die...

.. ###++# #.##
........... ..#
............##.#
##....####..##.######
##....####..#.......#
##....####..#.......#
##....####..#...@...#
............#..o#####
............'..#.
............'..#..
............#..#.o.
##....####..######._
##....####..# ...
##....####..# #..
##....####..#


You could see Blork the orc.

Vanquished Creatures
  An orc wizard (D:5)
  An adder (D:5)
  An ufetubus (D:5)
  A kobold (D:5)
  A bat (D:5)
5 creatures vanquished.

Notes
Turn   | Place    | Note
-------+----------+-------------------------------------------
     0 | D:5      | qw the Gargoyle Delver began the quest for the Orb.
     0 | D:5      | Reached XP level 1. HP: 14/14 MP: 1/1
     0 | D:5      | 0 ||| qw: Version: 0.1-a-117-gfe26ee0
     0 | D:5      | 0 ||| qw: Game counter: 10034
     0 | D:5      | 0 ||| qw: Always use a shield: true
     0 | D:5      | 0 ||| qw: God list: Okawaru
     0 | D:5      | 0 ||| qw: Allow faded altars: false
     0 | D:5      | 0 ||| qw: Do Orc after D:15 true
     0 | D:5      | 0 ||| qw: Do second Lair branch before Depths: true
     0 | D:5      | 0 ||| qw: Lair rune preference: random
     0 | D:5      | 0 ||| qw: Plans: Normal
     0 | D:5      | 0 ||| PLANNING D:1-11
    91 | D:5      | Reached XP level 2. HP: 19/19 MP: 2/2
   131 | D:5      | Found a sacrificial altar of Ru.
   142 | D:5      | Noticed Blork the orc
   143 | D:5      | 143 ||| Stepping ~*~*~tactically~*~*~ (stealth).
   159 | D:5      | Reached skill level 3 in Axes
   159 | D:5      | Reached XP level 3. HP: 6/23 MP: 3/3
   399 | D:5      | Killed from afar by Blork the orc

Levels and vault maps discovered:
D:5:      layout_basic, nicolae_ru_great_annihilating_truth,
          chequers_serial_rivers_micro_b, kb_lookout_dungeons_type,
          kennysheep_dice, uniq_blork_the_orc

Skill      XL: |  1  2 |
---------------+-------+-----
Axes           | 2 3 |  3.4
Fighting       | |  3.2
Dodging        | |  1.5
Stealth        | |  5.4

Action                   || total
-------------------------++-------
Melee: Hand axe          ||    32
Armor: Leather armour    ||    17
Dodge: Dodged            ||    34

Table legend:
 A = Non-vault XP
 B = Vault XP
 C = Vault XP percentage of total XP
 D = Non-vault monster count
 E = Vault monster count
 F = Vault count percentage of total count
                 A         B        C        D         E       F
            +---------+---------+-------+---------+---------+-------
      Total |       8 |      51 |  86.4 |       1 |       4 |  80.0
            +---------+---------+-------+---------+---------+-------
        D:5 |       8 |      51 |  86.4 |       1 |       4 |  80.0
            +---------+---------+-------+---------+---------+-------
